 Dungeon Crawl Stone Soup version 0.27-a0-1071-ga85bd9520d (webtiles) character file.

Game seed: 6261220420547477781

1473 senseless the Insei (level 8, 0/47 (51) HPs)
             Began as an Octopode Transmuter on Apr 24, 2021.
             Was an Initiate of Cheibriados.
             Slain by a wight
             ... wielding a +4 great sword
              (13 damage)
             ... on level 6 of the Dungeon.
             The game lasted 00:21:22 (9289 turns).

senseless the Insei (Octopode Transmuter)           Turns: 9289, Time: 00:21:23

HP:   0/47 (51)     AC:  1    Str: 18    XL:     8   Next: 78%
MP:   13/14         EV: 18    Int: 17    God:    Cheibriados [......]
Gold: 294           SH:  0    Dex: 13    Spells: 1/16 levels left

rFire    . . .     SeeInvis .     - Unarmed
rCold    . . .     Faith    .   (no shield)
rNeg     . . .     Spirit   .   (helmet currently unavailable)
rPois    .         Reflect  .   (no amulet)
rElec    .         Harm     .   g - +6 ring of strength
rCorr    .         Rampage  .   l - +4 ring of evasion
Will     .....                  (no ring)
Stlth    ++++......             (no ring)
HPRegen  0.15/turn              (no ring)
MPRegen  0.14/turn              (no ring)
                                (no ring)
                                (no ring)

@: appendages, drained, very slow
A: tentacle spike 3, almost no armour, amphibious, 8 rings, camouflage 1,
gelatinous body 1, (nimble swimmer 1), tentacles
a: End Transformation, Renounce Religion, Bend Time


You were on level 6 of the Dungeon.
You worshipped Cheibriados.
Cheibriados was noncommittal.
One of your tentacles had grown a beastly spike.
You visited 2 branches of the dungeon, and saw 8 of its levels.

You collected 294 gold pieces.

Inventory:

Armour
 o - the +2 hat "Fyuramue" (melded) {+Blink Int+5 Slay+3}
   (You acquired it on level 6 of the Dungeon)

   It affects your intelligence (+5).
   It affects your accuracy and damage with ranged weapons and melee attacks
   (+3).
   It lets you blink.
Magical Staves
 d - a staff of air
Jewellery
 g - a +6 ring of strength (left tentacle)
 l - a +4 ring of evasion (right tentacle)
 n - a ring of ice
Scrolls
 i - 2 scrolls of enchant weapon
 p - 4 scrolls of identify
 q - a scroll of fog
 s - a scroll of fear
Potions
 a - 3 potions of brilliance
 b - 2 potions of might {unknown}
 c - 2 potions of resistance {unknown}
 e - a potion of heal wounds {unknown}
 f - a potion of cancellation {unknown}
 h - 3 potions of attraction
 j - a potion of ambrosia {unknown}
 k - a potion of flight {unknown}
 m - 2 potions of lignification
 r - a potion of curing


   Skills:
 + Level 2.5 Fighting
 + Level 3.6 Dodging
 + Level 5.6 Stealth
 + Level 6.8 Unarmed Combat
 + Level 4.6 Spellcasting
 + Level 4.8 Transmutations


You had one spell level left.
You knew the following spells:

 Your Spells              Type           Power      Damage    Failure   Level
a - Beastly Appendage     Tmut           40%        N/A       1%          1
b - Wereblood             Tmut           20%        N/A       3%          2
c - Spider Form           Tmut/Pois      6%         N/A       17%         3
d - Ice Form              Ice/Tmut       12%        N/A       50%         4
e - Hydra Form            Tmut           10%        N/A       50%         5

Your spell library contained the following spells:

 Spells                   Type           Power      Damage    Failure   Level


Dungeon Overview and Level Annotations

Branches:
Dungeon (7/15)             Temple (1/1) D:6

Altars:
Cheibriados
Dithmenos
Elyvilon
Fedhas
Gozag
Hepliaklqana
Makhleb
Okawaru
Qazlal
Ru
Sif Muna
Trog
Uskayaw
Vehumet
Xom
Yredelemnul
Zin
The Shining One

Shops:
D:6 (   D:7 =*=

Annotations:
D:6 1 transporter, T2blue's ghost, novice MiBe


Innate Abilities, Weirdness & Mutations

One of your tentacles has grown a beastly spike.
You cannot wear most types of armour.
You are amphibious.
You can wear up to eight rings at the same time.
Your skin changes colour to match your surroundings (Stealth+).
Your rubbery body absorbs attacks. (AC +1, EV +1)
((You are camouflaged near water. (Stealth+)))
You have tentacles for arms and can constrict up to eight enemies at once.


Message History

The orc priest invokes the aid of Beogh against you.
Beogh smites you! The wight closely misses you. The wight barely misses you.
The orc priest looks encouraged for a moment.
The wight hits you with a +4 great sword.
You feel drained. The wight misses you.
There is an open door here.
The wight closely misses you.
There is a stone staircase leading up here.
Casting: Beastly Appendage (safe; 1% risk of failure)
Confirm with . or Enter, or press ? or * to list all spells.
Okay, then.
The wight closely misses you.
You climb upwards.
Level annotation: 1 transporter, T2blue's ghost, novice MiBe
There is a stone staircase leading down here.
Casting: Beastly Appendage (safe; 1% risk of failure)
Confirm with . or Enter, or press ? or * to list all spells.
One of your tentacles grows a vicious spike.
The +2 hat "Fyuramue" {+Blink Int+5 Slay+3} melds into your body.
The wight misses you.
You tentacle-slap the wight. Your grab misses the wight.
You pierce the wight.
The wight is severely damaged.
The wight barely misses you.
You barely miss the wight. You grab the wight.
You pierce the wight, but do no damage.
You squeeze the wight, but do no damage.
The wight is severely damaged.
You constrict the wight.
The wight hits you with a +4 great sword!
You feel drained.
* * * LOW HITPOINT WARNING * * *
You tentacle-slap the wight but do no damage.
You pierce the wight, but do no damage.
The wight is almost destroyed.
You constrict the wight, but do no damage.
The wight hits you with a +4 great sword!
You die...

## ##.# #.....#O.##.. # #.##
##..>..#O#..#.
##..#######..###.#W.....
##............# #.########
####.....####...##
##.......## # ........##
########.........####
........# ##.............##.
#####..## #..>......###))...
#..# ##@.......## ##)..#
##.# ##..z.....## #...#
##.## ##........## ##...#
#...# ##........## ##.....
#...####...#.....# ##..###.
##.)......###...?## ##..##
## ##........###....##
###..## #
###.........##.....####...##
#
#.................###.....#
##


You could see a wight.

Vanquished Creatures
  The ghost of nht the Traitor, a novice DsAr of Yredelemnul (D:3)
  A black bear (D:5)
  A centaur (D:6)
  2 ogres
  A phantom (D:6)
  3 scorpions
  A wyvern skeleton (D:7)
  A water moccasin skeleton (D:5)
  A howler monkey (D:3)
  A crimson imp (D:4)
  A hound (D:5)
  2 jellies
  A gnoll shaman (D:6)
  A centaur skeleton (D:4)
  An iguana (D:6)
  An orc wizard (D:5)
  A killer bee zombie (D:5)
  A hound skeleton (D:5)
  A howler monkey skeleton (D:6)
  4 gnolls (D:6)
  7 adders
  An adder skeleton (D:4)
  3 worms
  A dart slug (D:1)
  13 orcs
  6 ball pythons
  7 endoplasms
  A giant cockroach (D:1)
  8 goblins
  7 hobgoblins
  6 jackals
  5 quokkas
  5 bats
  A goblin zombie (D:4)
  2 hobgoblin zombies (D:4)
  5 kobolds
  2 kobold skeletons (D:4)
  An orc zombie (D:4)
  4 rats (D:1)
  A spectral kobold (D:4)
113 creatures vanquished.

Notes
Turn   | Place    | Note
-------+----------+-------------------------------------------
     0 | D:1      | senseless the Octopode Transmuter began the quest for the
                  | Orb.
     0 | D:1      | Reached XP level 1. HP: 13/13 MP: 3/3
   328 | D:1      | Reached XP level 2. HP: 12/18 MP: 1/5
   904 | D:1      | Reached XP level 3. HP: 23/23 MP: 4/6
  1829 | D:2      | Found a faded altar of an unknown god.
  2433 | D:3      | Reached XP level 4. HP: 24/28 MP: 5/7
  2576 | D:3      | Reached skill level 1 in Stealth
  3122 | D:3      | Reached skill level 4 in Unarmed Combat
  3122 | D:3      | Reached XP level 5. HP: 29/33 MP: 6/9
  3279 | D:3      | Found a runed translucent door.
  3284 | D:3      | Noticed nht's ghost (novice DsAr)
  3776 | D:3      | Killed nht's ghost
  3777 | D:3      | Reached XP level 6. HP: 22/38 MP: 9/11
  4018 | D:4      | Found a glowing golden altar of the Shining One.
  4030 | D:4      | Reached XP level 7. HP: 41/44 MP: 12/12
  4107 | D:4      | Reached skill level 5 in Unarmed Combat
  5336 | D:4      | Found a hazy altar of Hepliaklqana.
  5390 | D:5      | Entered Level 5 of the Dungeon
  5701 | D:5      | Reached skill level 5 in Stealth
  5986 | D:5      | Reached XP level 8. HP: 34/50 MP: 11/14
  7203 | D:5      | Learned a level 2 spell: Wereblood
  7207 | D:5      | Learned a level 3 spell: Spider Form
  7212 | D:5      | Learned a level 4 spell: Ice Form
  7218 | D:5      | Learned a level 5 spell: Hydra Form
  7227 | D:6      | Reached skill level 6 in Unarmed Combat
  7582 | D:6      | Found a staircase to the Ecumenical Temple.
  7591 | Temple   | Entered the Ecumenical Temple
  7798 | Temple   | Became a worshipper of Cheibriados the Contemplative
  7877 | D:6      | Found a transporter.
  7883 | D:6      | Noticed T2blue's ghost (novice MiBe)
  8859 | D:6      | Found Famiwn's Weapon Shoppe.
  8912 | D:6      | Noticed a two-headed ogre
  9041 | D:6      | Identified a scroll of acquirement
  9041 | D:6      | Acquired the +2 hat "Fyuramue" {+Blink Int+5 Slay+3}
  9052 | D:7      | Found Nyd Heuf's Jewellery Shop.
  9074 | D:7      | Found Vesen's General Store.
  9252 | D:7      | Found Rareidue's Jewellery Emporium.
  9289 | D:6      | Slain by a wight

Illustrated notes

Levels and vault maps discovered:
D:1:      minmay_arrival_hallway, layout_basic
D:2:      layout_loops_corners, hellmonk_ecumenical_altar_blasted
D:3:      layout_basic, ebering_ghost_reflecting_pool
D:4:      layout_layer_cave, nicolae_hepliaklqana_monster_ancestors,
          nicolae_tso_besieged_by_evil
D:5:      layout_rooms, serial_co_window_serial, co_window_paths_b,
          co_window_corner_a, co_window_paths_b, co_window_of_opportunity_a,
          co_window_corner_a, co_window_paths_c, co_window_of_opportunity_b,
          co_window_corner_b, co_window_broadway_c, co_window_paths_c,
          co_window_2corner, glass_columns_a, glass_columns_a, glass_columns_a,
          glass_columns_b
D:6:      layout_layer_cave, minmay_temple_entry_waves, serial_shops,
          nicolae_shop_behind_doors, gammafunk_ghost_smash
D:7:      layout_basic, serial_shops, shop, shop, nicolae_shop_trees, shop,
          the_hattery
Temple:   regret_index_temple_sphere_string

Skill      XL: |  1  2  3  4  5  6  7  8 |
---------------+-------------------------+-----
Stealth        | 2 3 5 |  5.6
Unarmed Combat | 4 5 6 |  6.8
Transmutations | 3 4 |  4.8
Spellcasting   | 3 4 |  4.6
Dodging        | 3 |  3.6
Fighting       | 2 |  2.5

Action                   |  1- 3 |  4- 6 |  7- 9 || total
-------------------------+-------+-------+-------++-------
Melee: Unarmed           |    63 |    70 |   125 ||   258
       Kick              |    17 |    16 |    45 ||    78
       Constrict         |    19 |    15 |    30 ||    64
       Tentacles         |     9 |     9 |    29 ||    47
       Punch             |     1 |     3 |     3 ||     7
 Cast: Beastly Appendage |    27 |    16 |    32 ||    75
       Wereblood         |       |       |     2 ||     2
  Use: Scroll            |     5 |     2 |     5 ||    12
       Potion            |       |     2 |     1 ||     3
 Stab: Sleeping          |     7 |     8 |     9 ||    24
Armor: Skin              |     1 |    16 |     3 ||    20
Dodge: Dodged            |    23 |    27 |    86 ||   136

Table legend: (Time is in decaauts)
 A = Elapsed time spent in this place.
 B = Non-inter-level travel time spent in this place.
 C = Inter-level travel time spent in this place.
 D = Time resting spent in this place.
 E = Time spent auto-exploring this place.
 F = Levels seen in this place.
 G = Mean time per level.
                   A        B        C        D        E       F      G
               +--------+--------+--------+--------+--------+-----+--------+
         Total |   9542 |   9218 |    324 |    686 |   7626 |   8 | 1192.8 |
       Dungeon |   9302 |   9061 |    241 |    686 |   7472 |   7 | 1328.9 |
        Temple |    239 |    157 |     82 |      0 |    154 |   1 |  239.0 |
               +--------+--------+--------+--------+--------+-----+--------+

Top non-repeatable levels by time:
     D:5: 2072 daAuts
     D:3: 1601 daAuts
     D:6: 1572 daAuts
     D:4: 1388 daAuts
     D:1: 1282 daAuts
     D:2: 1104 daAuts
     D:7: 280 daAuts
  Temple: 239 daAuts
